AoeStats
← Dieguin

Arabia

508061032Analyzed
1v1 RM · 12d ago on Sep 20, 2026· 31m 23s· 2 players
Game mode
Random Map
Map size
Tiny (2 player)
Population
200
Speed
Normal
Resources
Standard
Victory
Conquest
Starting age
Dark Age
Ending age
Imperial Age
RankedLock teamsTeams togetherTeam positionsShared explorationLock speedFull tech treeHidden civsTurbo modeCheats
Victory
Defeat
🇨🇴 Sicilians · Colombia
726
+18
🇫🇷 Goths · France
771
-18
CRUSADER
0:54 Loom
11:31 Feudal Age
18:50 Castle Age
17:51 Fletching
20:08 Bodkin Arrow
20:25 Town Watch
26:05 Scale Mail Armor
Dieguin
7:07 Loom
9:41 Feudal Age
12:54 Double-Bit Axe
23:57 Castle Age
21:49 Horse Collar
24:04 Scale Mail Armor
24:14 Forging
Connection lost

Rejoining the realm…

Still unreachable

The connection could not be restored.

Session expired

The server has moved on; the page needs a fresh start.